 Dungeon Crawl Stone Soup version 0.30.0-15-g856e2d3f33 (webtiles) character file.

Game seed: 9965192823982453971

22 dialectric the Digger (level 2, 0/15 HPs)
             Began as a Gargoyle Wanderer on May 19, 2023.
             Was a Follower of Vehumet.
             Slain by a worm (5 damage)
             ... on level 2 of the Dungeon.
             The game lasted 00:00:50 (441 turns).

dialectric the Digger (Gargoyle Wanderer)            Turns: 441, Time: 00:00:51

Health: 0/15       AC:  7    Str: 14    XL:     2   Next: 91%
Magic:  3/3        EV: 11    Int: 10    God:    Vehumet [*.....]
Gold:   47         SH:  0    Dex: 12    Spells: 2/3 levels left

rFire   . . .        a - +0 falchion
rCold   . . .        (no shield)
rNeg    + . .        d - +0 leather armour
rPois   ∞            (no helmet)
rElec   +            b - +0 cloak
rCorr   .            (no gloves)
SInv    .            (no boots)
Will    .....        (no amulet)
Stlth   +            (no ring)
HPRegen 0.22/turn    (no ring)
MPRegen 0.08/turn

%: no passive effects
@: no status effects
A: sickness immunity, AC +2, negative energy resistance 1, electricity
resistance, torment resistance 1, petrification resistance
a: Renounce Religion


You were on level 2 of the Dungeon.
You worshipped Vehumet.
Vehumet was aware of your devotion.
You visited 1 branch of the dungeon, and saw 2 of its levels.

You collected 47 gold pieces.

Inventory:

Hand Weapons
 a - a +0 falchion (weapon)
Armour
 b - a +0 cloak (worn)
 d - a +0 leather armour (worn)
Scrolls
 f - a scroll of blinking {unknown}
 h - a scroll of brand weapon {unknown}
Potions
 c - 2 potions of lignification
 e - a potion of attraction {unknown}
 g - a potion of mutation {unknown}


   Skills:
 + Level 3.0 Long Blades
 + Level 1.3 Armour
 - Level 1.1 Stealth
 + Level 1.0 Spellcasting
 + Level 5.4 Earth Magic


You had 2 spell levels left.
You knew the following spells:

 Your Spells              Type           Power      Damage    Failure   Level
a - Sandblast             Erth           22%        2d7       4%          1

Your spell library contained the following spells:

 Spells                   Type           Power      Damage    Failure   Level
 Kiss of Death            Conj/Necr      0%         2d5       38%         1
 Stone Arrow              Conj/Erth      10%        3d7       38%         3
 Petrify                  Tmut/Erth      5%         N/A       80%         4


Dungeon Overview and Level Annotations

Branches:
Dungeon (2/15)

Altars:
Vehumet


Innate Abilities, Weirdness & Mutations

You are immune to sickness and miasma.
Your stone body is resilient. (AC +2)
You are immune to poison.
You resist negative energy. (rN+)
You are resistant to electric shocks. (rElec)
You are resistant to unholy torment.
You are immune to petrification.


Message History

A worm is nearby!
You hit the worm.
The worm is lightly wounded.
The worm closely misses you.
You hit the worm.
The worm is moderately wounded.
You hit the worm but do no damage.
The worm is moderately wounded.
The worm bites you.
You hit the worm.
The worm is moderately wounded.
The worm barely misses you.
You hit the worm.
The worm is moderately wounded.
You hit the worm but do no damage.
The worm is moderately wounded.
The worm bites you.
* * * LOW HITPOINT WARNING * * *
You are too injured to fight recklessly!
You are too injured to fight recklessly!
You are too injured to fight recklessly!
You are too injured to fight recklessly!
You are too injured to fight recklessly!
You are too injured to fight recklessly!
You are too injured to fight recklessly!
You are too injured to fight recklessly!
You are too injured to fight recklessly!
You are too injured to fight recklessly!
You barely miss the worm.
The worm is moderately wounded.
The worm barely misses you.
You hit the worm.
The worm is heavily wounded.
You barely miss the worm.
The worm is heavily wounded.
The worm bites you but does no damage.
You hit the worm.
The worm is severely wounded.
The worm bites you.
You die...

#........#..##.#.#....# #.....#..
#.......<......#.#....# #........
#........##.####.#.######........
#####>...........................
.....≈≈≈.#.####.#.######...#.#..
.....≈.≈.#......................
.....≈.≈.######.#########..####.
#####≈.≈..............<.........
##.########@##..##.#..#.##.. #.
#..?..w...........#..# ..
....###.##..##.#.## .# ... #.
..##..##.#.# .# ... #### ##.#.# .
#.#.# .. #.#.# #.#


You could see a worm.

Vanquished Creatures
  A dart slug (D:1)
  3 endoplasms (D:1)
  A goblin (D:1)
  2 hobgoblins (D:1)
  3 jackals (D:1)
  2 bats (D:1)
  2 frilled lizards (D:1)
  3 kobolds
  2 rats (D:1)
19 creatures vanquished.

Notes
Turn   | Place    | Note
-------+----------+-------------------------------------------
     0 | D:1      | dialectric the Gargoyle Wanderer began the quest for the
                  | Orb.
     0 | D:1      | dialectric set off with the following items: a +0 falchion,
                  | a +0 cloak, a potion of lignification, a +0 leather armour;
                  | and the following spell memorised: Sandblast; and the
                  | following spells available to memorise: Stone Arrow,
                  | Petrify.
     0 | D:1      | Reached XP level 1. HP: 10/10 MP: 2/2
    49 | D:1      | Reached skill level 5 in Earth Magic
    79 | D:1      | Reached XP level 2. HP: 15/15 MP: 3/3
   127 | D:1      | Found a faded altar of an unknown god.
   142 | D:1      | Prayed at the altar of an unknown god.
   142 | D:1      | Became a worshipper of Vehumet
   142 | D:1      | Reached * piety under Vehumet
   142 | D:1      | Offered knowledge of Kiss of Death by Vehumet.
   441 | D:2      | Slain by a worm

Illustrated notes

Levels and vault maps discovered:
D:1:      erik_arrival_blinker_ship, layout_rooms,
          ebering_ecumenical_altar_sacrificial
D:2:      layout_basic, serial_shops, nicolae_shop_drivethru, st_stairs_8,
          chequers_serial_rivers_micro_d, hangedman_decor_push

Skill      XL: |  1  2 |
---------------+-------+-----
Earth Magic    | 5 |  5.4
Long Blades    | 3 |  3.0
Armour         | |  1.3
Stealth        | |  1.1
Spellcasting   | |  1.0

Action                     || total
---------------------------++-------
  Melee: Falchion          ||    73
         Punch             ||     1
 Armour: Leather armour    ||    40
  Dodge: Dodged            ||    57
